 Dungeon Crawl Stone Soup version 0.29-a0-284-gf9362112df (webtiles) character file.

Game seed: 5539590858446528801

249 pascalblue the Digger (level 5, -4/28 HPs)
             Began as a Deep Elf Earth Elementalist on Mar 30, 2022.
             Blown up by Ijyb (9 damage)
             ... with a mindburst bolt
             ... on level 4 of the Dungeon.
             The game lasted 00:09:38 (3425 turns).

pascalblue the Digger (Deep Elf Earth Elementalist) Turns: 3425, Time: 00:09:39

Health: -4/28      AC:  4    Str:  5    XL:     5   Next: 86%
Magic:  12/13      EV: 13    Int: 24    God:
Gold:   156        SH:  0    Dex: 15    Spells: 9/13 levels left

rFire   . . .      SeeInvis +   n - +4 falchion "Fiet" {drain, +Blink Int+2 SInv}
rCold   . . .      Faith    .   (no shield)
rNeg    . . .      Spirit   .   b - +0 robe
rPois   .          Reflect  .   (no helmet)
rElec   .          Harm     .   (no cloak)
rCorr   .          Rampage  .   g - +0 pair of gloves
Will    .....                   h - +0 pair of boots
Stlth   ++........              (no amulet)
HPRegen 0.09/turn               (no ring)
MPRegen 0.13/turn               (no ring)

@: no status effects
A: no striking features
a: Evoke Blink


You were on level 4 of the Dungeon.
You visited 1 branch of the dungeon, and saw 4 of its levels.

You collected 156 gold pieces.

Inventory:

Hand Weapons
 f - a +0 club
 i - a +0 whip of electrocution
 n - the +4 falchion "Fiet" (weapon) {drain, +Blink Int+2 SInv}
   (You found it on level 3 of the Dungeon)

   A truly terrible weapon, it drains the life of any living foe it strikes.
   Int:       It affects your intelligence (+2).
   SInv:      It lets you see invisible.
   +Blink:    It lets you blink.
Missiles
 a - 20 stones
 k - 15 poisoned darts
 p - 3 boomerangs
Armour
 b - a +0 robe (worn)
 g - a +0 pair of gloves (worn)
 h - a +0 pair of boots (worn)
Wands
 e - a wand of iceblast (8)
 j - a wand of polymorph (11)
Scrolls
 d - 2 scrolls of torment {unknown}
 l - a scroll of magic mapping {unknown}
 m - a scroll of immolation {unknown}
 o - a scroll of holy word {unknown}
 q - a scroll of enchant armour {unknown}
Potions
 c - 2 potions of magic


   Skills:
 - Level 2.8 Dodging
 - Level 2.8 Stealth
 + Level 4.5 Spellcasting
 + Level 2.2 Conjurations
 - Level 2.0 Transmutations
 * Level 5.1 Earth Magic
 + Level 1.8 Evocations


You had 9 spell levels left.
You knew the following spells:

 Your Spells              Type           Power      Damage    Failure   Level
a - Sandblast             Erth           60%        2d14      1%          1
b - Stone Arrow           Conj/Erth      46%        3d9       6%          3

Your spell library contained the following spells:

 Spells                   Type           Power      Damage    Failure   Level
 Passwall                 Tmut/Erth      18%        N/A       3%          2
 Petrify                  Tmut/Erth      22%        N/A       22%         4


Dungeon Overview and Level Annotations

Branches:
Dungeon (4/15)
 Temple: D:4-7

Altars:
Hepliaklqana

Shops:
D:3 *

Annotations:
D:2 Robin
D:4 Ijyb


Message History

You hit the iguana. You drain the iguana.
You kill the iguana!
You see here an iguana corpse.
You open the door.
A scorpion comes into view.
Ijyb the Twisted Goblin comes into view.
She is wielding a +1 spectral club and carrying a wand of mindburst (17).
There is an open door here.
Ijyb shouts!
You hit the scorpion but do no damage.
The scorpion stings you but does no damage.
The scorpion stings you. The scorpion attacks as you move away!
The scorpion barely misses you.
There is an open door here.
Ijyb attacks as you move away! Ijyb hits you with a +1 spectral club.
You open the door.
Ijyb zaps a wand.
Your mind is blasted!
Ouch! That really hurt!
* * * LOW HITPOINT WARNING * * *
Okay, then.
There is an open door here.
Casting: Sandblast (safe; 1% risk of failure)
Confirm with . or Enter, or press ? or * to list all spells.
The spell is quite dangerous to miscast (6% risk of failure)!
Continue anyway?
Okay, then.
Casting: Stone Arrow (quite dangerous; 6% risk of failure)
Confirm with . or Enter, or press ? or * to list all spells.
The spell is quite dangerous to miscast (6% risk of failure)!
Continue anyway? [Y]es or [N]o only, please.
The spell is quite dangerous to miscast (6% risk of failure)!
Continue anyway? [Y]es or [N]o only, please.
The spell is quite dangerous to miscast (6% risk of failure)!
Continue anyway?
Okay, then.
Casting: Stone Arrow (quite dangerous; 6% risk of failure)
Confirm with . or Enter, or press ? or * to list all spells.
Aiming: Sandblast (safe; 1% risk of failure)
Press: ? - help, Shift-Dir - straight line, f - Ijyb
Aim: Ijyb, wielding a +1 spectral club, wearing a +0 leather armour and carrying a wand of mindburst (16) (77% to hit)
The blast of sand hits Ijyb!
Ijyb is heavily wounded.
Ijyb zaps a wand.
Your mind is blasted!
You die...

#.....#.....
##.....###...
#......♣.♣.♣.
#............
#......♣.♣.♣.
#....†....... +####
###....♣.♣...
♣.♣.♣...########.##.####
.......@gs....♣..♣#.....
....♣...#....♣....♣.....
........#...♣♣♣.♣.♣♣....
....♣...#...♣ P.P.P♣....
........###'♣♣P...♣♣....
♣.♣#♣....s..♣♣♣P♣P♣♣'###
# #.........♣♣♣♣♣♣#...#
...........♣ #...#
#............ +...#


You could see Ijyb and a scorpion.

Vanquished Creatures
  An ogre (D:4)
  An orc priest (D:4)
  A hound (D:4)
  An iguana (D:4)
  2 adders
  2 worms
  A dart slug (D:1)
  4 orcs
  6 bats
  3 endoplasms
  A giant cockroach (D:2)
  9 goblins
  3 hobgoblins
  2 jackals (D:1)
  4 kobolds
  2 quokkas
  6 ball pythons
  3 frilled lizards
  5 rats
57 creatures vanquished.

Vanquished Creatures (others)
  A plant (D:4)
1 creature vanquished.

Grand Total: 58 creatures vanquished

Notes
Turn   | Place    | Note
-------+----------+-------------------------------------------
     0 | D:1      | pascalblue the Deep Elf Earth Elementalist began the quest
                  | for the Orb.
     0 | D:1      | Reached XP level 1. HP: 10/10 MP: 6/6
   223 | D:1      | Reached XP level 2. HP: 15/15 MP: 6/8
  1215 | D:2      | Reached XP level 3. HP: 19/19 MP: 7/9
  1237 | D:2      | Learned a level 3 spell: Stone Arrow
  1244 | D:2      | Found a faded altar of an unknown god.
  1371 | D:2      | Noticed Robin
  1398 | D:2      | Found a hazy altar of Hepliaklqana.
  1449 | D:3      | Learned a level 1 spell: Sandblast
  1745 | D:3      | Reached skill level 4 in Earth Magic
  1803 | D:3      | Found Jaxy's General Store.
  1939 | D:3      | Identified the +4 falchion "Fiet" {drain, +Blink Int+2
                  | SInv}
  2405 | D:3      | Reached skill level 1 in Conjurations
  2449 | D:4      | Reached XP level 4. HP: 13/24 MP: 8/11
  3213 | D:4      | Noticed an ogre
  3224 | D:4      | Killed an ogre
  3225 | D:4      | Reached skill level 1 in Evocations
  3225 | D:4      | Reached XP level 5. HP: 23/28 MP: 10/13
  3234 | D:4      | Reached skill level 5 in Earth Magic
  3415 | D:4      | Noticed Ijyb
  3425 | D:4      | Blown up by Ijyb

Illustrated notes

Levels and vault maps discovered:
D:1:      dpeg_arrival_renting, layout_basic
D:2:      minmay_wonky_spiral, layout_rooms, basic_altar,
          shapermc_ecumenical_altar_pompeii, uniq_robin
D:3:      layout_loops_cross, serial_shops, shop
D:4:      layout_gridville, minmay_temple_entry_hall, serial_forest,
          infiniplex_forest_end_1, infiniplex_forest_end_2,
          infiniplex_forest_corner_2, infiniplex_forest_lined_room_2,
          infiniplex_forest_lined_corner, infiniplex_forest_lined_room_2,
          infiniplex_forest_zigzag_1, infiniplex_forest_straight_4,
          infiniplex_forest_clump_cross, infiniplex_forest_straight_4,
          minmay_misc_feat_roman, uniq_ijyb

Skill      XL: |  1  2  3  4  5 |
---------------+----------------+-----
Transmutations | 2 |  2.0
Earth Magic    | 4 5 |  5.1
Conjurations   | 1 2 |  2.2
Spellcasting   | 4 |  4.5
Evocations     | 1 |  1.8
Dodging        | |  2.8
Stealth        | |  2.8

Action                   |  1- 3 |  4- 6 || total
-------------------------+-------+-------++-------
Melee: Club              |    17 |       ||    17
       Whip              |    54 |       ||    54
       Falchion          |     8 |    31 ||    39
 Cast: Sandblast         |    37 |     6 ||    43
  Use: Scroll            |     2 |       ||     2
       Potion            |     2 |       ||     2
 Stab: Sleeping          |     3 |     1 ||     4
Armor: Robe              |    57 |     5 ||    62
Dodge: Dodged            |   113 |    20 ||   133

Table legend: (Time is in decaauts)
 A = Elapsed time spent in this place.
 B = Non-inter-level travel time spent in this place.
 C = Inter-level travel time spent in this place.
 D = Time resting spent in this place.
 E = Time spent auto-exploring this place.
 F = Levels seen in this place.
 G = Mean time per level.
                   A        B        C        D        E       F      G
               +--------+--------+--------+--------+--------+-----+--------+
         Total |   3444 |   3365 |     79 |    507 |   2044 |   4 |  861.0 |
       Dungeon |   3444 |   3365 |     79 |    507 |   2044 |   4 |  861.0 |
               +--------+--------+--------+--------+--------+-----+--------+

Top non-repeatable levels by time:
     D:1: 1114 daAuts
     D:3: 1027 daAuts
     D:4: 994 daAuts
     D:2: 308 daAuts
